 Dungeon Sprint DCSS version 0.19-a0-1540-g35a11b8 (webtiles) character file.

837 Groucho the Basher (level 7, -3/78 HPs)
             Began as a Troll Berserker on Sept 14, 2016.
             Was a High Priest of Trog.
             Slain by a spiny frog (21 damage)
             ... in the Dungeon (Sprint IX: "|||||||||||||||||||||||||||||").
             The game lasted 00:02:46 (386 turns).

Groucho the Basher (Troll Berserker)                 Turns: 386, Time: 00:02:47

Health: -3/78      AC:  5    Str: 26    XL:     7   Next: 66%
Magic:  6/6        EV: 14    Int:  6    God:    Trog [*****.]
Gold:   15         SH:  0    Dex: 14    Spells: 0 memorised, 6 levels left

rFire  . . .     SeeInvis .     n - +2 dire flail of Chaos {pain, MR++}
rCold  . . .     Gourm    +     b - +0 animal skin
rNeg   . . .     Faith    .     (shield currently unavailable)
rPois  .         Spirit   .     (helmet restricted)
rElec  .         Dismiss  .     (no cloak)
rCorr  .         Reflect  .     (gloves unavailable)
MR     ++++.     Harm     .     (boots unavailable)
Stlth  +......... NoTele   +    (no amulet)
                                p - +3 ring of dexterity
                                o - +3 ring of intelligence

@: lethally poisoned (-3 -> -24), regenerating
A: unfitting armour, claws 3, fast metabolism 3, gourmand, regeneration 1,
shaggy fur 1, tough skin 2
a: Berserk, Trog's Hand, Brothers in Arms, Burn Spellbooks, Renounce Religion


You were in the Dungeon.
You worshipped Trog.
Trog was extremely pleased with you.
You were completely stuffed.

You visited 1 branch You collected 15 gold pieces.

Inventory:

Hand Weapons
 a - a +0 mace
 n - the +2 dire flail of Chaos (weapon) {pain, MR++}
   (You found it in the Dungeon)

   In the hands of one skilled in necromantic magic, it inflicts extra damage on
   living creatures.
   It affects your resistance to hostile enchantments.
Missiles
 q - 23 stones (quivered)
 v - 3 large rocks
Armour
 b - a +0 animal skin (worn)
Jewellery
 o - a +3 ring of intelligence (left claw)
 p - a +3 ring of dexterity (right claw)
Wands
 m - a wand of lightning (7/15)
Scrolls
 i - 3 scrolls of blinking
 l - 3 scrolls of remove curse
 r - a scroll of recharging
 s - a scroll of identify
 t - 2 scrolls of enchant weapon
 u - 2 scrolls of enchant armour
Potions
 d - 7 potions of curing
 e - 4 potions of heal wounds
 f - 2 potions of haste
 g - 4 potions of magic
 h - a potion of berserk rage
 k - a potion of invisibility
Comestibles
 c - 2 bread rations
 j - 7 chunks of flesh


   Skills:
 + Level 7.4 Fighting
 * Level 11.2 Maces & Flails
 + Level 7.6 Dodging


You had 6 spell levels left.
You didn't know any spells.

Dungeon Overview and Level Annotations

Branches:
Dungeon (1/1)

Altars:
Cheibriados
Dithmenos
Elyvilon
Fedhas
Gozag
Hepliaklqana
Kikubaaqudgha
Makhleb
Nemelex Xobeh
Okawaru
Qazlal
Ru
Sif Muna
Trog
Uskayaw
Vehumet
Xom
Yredelemnul
Zin
The Shining One
Beogh
Jiyva
Lugonu


Innate Abilities, Weirdness & Mutations

You are too large for most types of armour.
You have claws for hands.
Your metabolism is lightning-fast.
You like to eat raw meat.
Your natural rate of healing is unusually fast.
You are covered in fur. (AC +1)
You have very tough skin. (AC +2)


Message History

You are too injured to fight recklessly!
You feel much better.
You feel sick. The spiny frog barely misses you.
Blink to where?
Press: ? - help, Dir - move target cursor, f - you
Okay, then.
v - 3 large rocks You feel very sick.
The spiny frog stings you!
* * * LOW HITPOINT WARNING * * *
You are more poisoned.
The spiny frog poisons you! The spiny frog stings you!
* * * LOW HITPOINT WARNING * * *
You are more poisoned.
The spiny frog poisons you!
You feel much better.
* * * LOW HITPOINT WARNING * * *
You feel very sick.
The iguana hisses menacingly.
The spiny frog stings you!!
You die...

▓▓▓▓▓▓▓▓▓▓▓▓▓▓▓▓▓▓▓▓▓▓▓▓▓▓▓▓▓▓▓▓▓
____________________'.....'....)'
▓▓▓▓▓▓▓▓▓▓▓▓▓▓▓▓▓▓▓▓▓▓▓▓▓▓▓▓▓▓▓▓▓
.................................
▓▓▓▓▓▓▓▓▓▓▓▓▓▓▓▓▓▓▓▓▓▓▓▓▓▓▓▓▓▓▓▓▓
.lFFlrF@.....!......'...
▓▓▓▓▓▓▓▓▓▓▓▓▓▓▓▓▓▓▓▓▓▓▓▓


You could see a komodo dragon, a spiny frog, 2 giant frogs, an iguana and a
porcupine.

Vanquished Creatures
  A black bear (D)
  A sky beast (D)
  A necrophage (D)
  A wolf (D)
  2 iguanas (D)
  2 worker ants (D)
  A gnoll (D)
  An adder zombie (D)
  A bat zombie (D)
  A goblin (D)
  A kobold (D)
  A bat (D)
  2 rats (D)
16 creatures vanquished.

Vanquished Creatures (collateral kills)
  A two-headed ogre (D)
  A hippogriff (D)
  An ogre (D)
  A centaur (D)
  A scorpion (D)
  A wight (D)
  A hound (D)
  An orc wizard (D)
  An orc (D)
9 creatures vanquished.

Grand Total: 25 creatures vanquished

Notes
Turn   | Place    | Note
-------+----------+-------------------------------------------
     0 | D        | Groucho the Troll Berserker began the quest for the Orb.
     0 | D        | Reached XP level 1. HP: 22/22 MP: 0/0
     6 | D        | Reached skill level 3 in Maces & Flails
    10 | D        | Reached ** piety under Trog
    50 | D        | Noticed a worker ant
    50 | D        | Noticed a worker ant
    55 | D        | Killed a worker ant
    55 | D        | Reached skill level 4 in Maces & Flails
    55 | D        | Reached XP level 2. HP: 31/31 MP: 1/1
    55 | D        | Reached XP level 3. HP: 37/37 MP: 2/2
    59 | D        | Reached *** piety under Trog
    61 | D        | Reached skill level 5 in Maces & Flails
    70 | D        | Reached XP level 4. HP: 43/48 MP: 3/3
    91 | D        | Found a roughly hewn altar of Beogh.
    91 | D        | Found a snail-covered altar of Cheibriados.
    91 | D        | Found a shadowy altar of Dithmenos.
    91 | D        | Found a white marble altar of Elyvilon.
    91 | D        | Found a blossoming altar of Fedhas.
    91 | D        | Found an opulent altar of Gozag.
    92 | D        | Found a hazy altar of Hepliaklqana.
    93 | D        | Found a viscous altar of Jiyva.
    94 | D        | Found an ancient bone altar of Kikubaaqudgha.
    95 | D        | Found a corrupted altar of Lugonu.
    96 | D        | Found a burning altar of Makhleb.
    97 | D        | Found a sparkling altar of Nemelex Xobeh.
    98 | D        | Found an iron altar of Okawaru.
    99 | D        | Found a stormy altar of Qazlal.
   100 | D        | Found a sacrificial altar of Ru.
   101 | D        | Found a deep blue altar of Sif Muna.
   102 | D        | Found a bloodstained altar of Trog.
   103 | D        | Found a hide-covered altar of Uskayaw.
   104 | D        | Found a radiant altar of Vehumet.
   105 | D        | Found a shimmering altar of Xom.
   106 | D        | Found a basalt altar of Yredelemnul.
   107 | D        | Found a glowing silver altar of Zin.
   108 | D        | Found a glowing golden altar of the Shining One.
   126 | D        | Got the +2 dire flail of Chaos {pain, MR++}
   138 | D        | Noticed a centaur
   138 | D        | Noticed an ogre
   138 | D        | Noticed a black bear
   138 | D        | Noticed a sky beast
   150 | D        | Killed a sky beast
   150 | D        | Reached **** piety under Trog
   150 | D        | Reached skill level 7 in Maces & Flails
   150 | D        | Reached skill level 5 in Dodging
   150 | D        | Reached XP level 5. HP: 49/55 MP: 4/4
   158 | D        | Killed a black bear
   158 | D        | Reached skill level 5 in Fighting
   158 | D        | Reached skill level 8 in Maces & Flails
   165 | D        | Killed an ogre
   165 | D        | Reached skill level 9 in Maces & Flails
   165 | D        | Reached XP level 6. HP: 28/67 MP: 5/5
   212 | D        | Noticed a hippogriff
   212 | D        | Noticed a two-headed ogre
   220 | D        | Reached skill level 10 in Maces & Flails
   225 | D        | Reached XP level 7. HP: 76/76 MP: 6/6
   227 | D        | Killed a two-headed ogre
   229 | D        | Killed a hippogriff
   357 | D        | Noticed a komodo dragon
   357 | D        | Noticed a spiny frog
   365 | D        | Reached ***** piety under Trog
   365 | D        | Reached skill level 11 in Maces & Flails
   375 | D        | Received a gift from Trog
   386 | D        | Slain by a spiny frog

Vault maps used:
D:        linesprint

Skill      XL: |  1  2  3  4  5  6  7 |
---------------+----------------------+-----
Maces & Flails | 4 5 7 9 10 11 | 11.2
Fighting       | 3 4 6 7 |  7.4
Dodging        | 3 4 5 6 7 |  7.6

Action                   |  1- 3 |  4- 6 |  7- 9 || total
-------------------------+-------+-------+-------++-------
Melee: Mace              |    34 |       |       ||    34
       Dire flail        |       |    24 |    25 ||    49
Invok: Trog's Hand       |     1 |     3 |     1 ||     5
       Berserk           |     1 |     1 |       ||     2
       Brothers in Arms  |       |     2 |       ||     2
  Use: Potion            |       |     1 |     2 ||     3
  Eat: Chunk             |     5 |     6 |     2 ||    13
Armor: Animal skin       |    14 |    12 |       ||    26
Dodge: Dodged            |    20 |    23 |    13 ||    56
